 Dungeon Crawl Stone Soup version 0.23.0-3-gf3c87f2 (webtiles) character file.

Game seed: 7264267573247863637

2884 Scud the Whirler (level 10, -2/60 HPs)
             Began as a Halfling Hunter on Feb 23, 2019.
             Was an Initiate of Dithmenos.
             Slain by a gnoll
             ... wielding a +0 spear
              (4 damage)
             ... on level 7 of the Dungeon.
             The game lasted 00:43:25 (9086 turns).

Scud the Whirler (Halfling Hunter)                  Turns: 9086, Time: 00:43:26

Health: -2/60      AC:  3    Str: 18      XL:     10   Next: 5%
Magic:  10/10      EV: 16    Int:  9      God:    Dithmenos [......]
Gold:   234        SH:  0    Dex:  7 (19) Spells: 9/9 levels left

rFire    x . .     SeeInvis .   a - +2 hunting sling
rCold    + . .     Gourm    .   (shield restricted)
rNeg     + . .     Faith    .   q - +0 leather armour of Duty {rElec rN+ MR+}
rPois    .         Spirit   .   (no helmet)
rElec    +         Reflect  .   (no cloak)
rCorr    .         Harm     .   (no gloves)
MR       +....                  (no boots)
Stlth    ++........             (no amulet)
HPRegen  0.20/turn              r - ring of ice
MPRegen  0.12/turn              (no ring)

@: mighty
A: small, mutation resistance 1
a: Renounce Religion


You were on level 7 of the Dungeon.
You worshipped Dithmenos.
Dithmenos was noncommittal.
You were not hungry.

You visited 2 branches of the dungeon, and saw 8 of its levels.

You collected 234 gold pieces.

Inventory:

Hand Weapons
 a - a +2 hunting sling (weapon)
 i - a +2 short sword of draining
Missiles
 d - 31 sling bullets
 n - 20 stones (quivered)
Armour
 q - the +0 leather armour of Duty (worn) {rElec rN+ MR+}
   (You found it on level 5 of the Dungeon)

   It insulates you from electricity.
   It protects you from negative energy.
   It affects your resistance to hostile enchantments.
Jewellery
 e - a +2 ring of dexterity
 r - a ring of ice (left hand)
Wands
 c - a wand of paralysis (6)
 m - a wand of random effects (23)
 o - a wand of polymorph (3)
Scrolls
 b - a scroll of remove curse
 j - 10 scrolls of identify
 l - a scroll of amnesia
 s - 2 scrolls of teleportation {unknown}
 t - a scroll of magic mapping {unknown}
Comestibles
 f - 8 rations
 k - 2 chunks of flesh


   Skills:
 + Level 1.8 Fighting
 + Level 0.1 Short Blades
 + Level 16.1 Slings
 * Level 6.3 Dodging
 * Level 3.8 Stealth


You had 9 spell levels left.
You didn't know any spells.
Your spell library contained the following spells:

 Spells                   Type           Power        Failure   Level  Hunger
 Animate Skeleton         Necr           N/A          43%         1    ##.....
 Apportation              Tloc           #.....       43%         1    ##.....
 Confusing Touch          Hex            #.....       43%         1    ##.....
 Summon Small Mammal      Summ           #...         43%         1    ##.....


Dungeon Overview and Level Annotations

Branches:
Dungeon (7/15)             Temple (1/1) D:5

Altars:
Cheibriados
Dithmenos
Elyvilon
Fedhas
Hepliaklqana
Makhleb
Okawaru
Ru
Sif Muna
Trog
Vehumet
Zin
The Shining One

Shops:
D:5 :


Innate Abilities, Weirdness & Mutations

You are small and have problems with some larger weapons.
You are somewhat resistant to further mutation.


Message History

The gnoll hits you but does no damage. The gnoll barely misses you.
The gnoll misses you.
You feel much better. The orc hits you with a +0 flail.
The gnoll hits you from afar with a +0 halberd!
The gnoll hits you from afar with a +0 spear.
The gnoll hits you but does no damage. x2
You feel very mighty all of a sudden. The orc closely misses you.
The gnoll hits you from afar with a +0 halberd.
The gnoll hits you. The gnoll hits you!
* * * LOW HITPOINT WARNING * * *
The gnoll closely misses you.
You shred the net and break free! The orc hits you with a +0 flail.
* * * LOW HITPOINT WARNING * * *
The gnoll closely misses you. The gnoll hits you.
* * * LOW HITPOINT WARNING * * *
The gnoll misses you. The gnoll closely misses you. The orc misses you.
The gnoll hits you from afar with a +0 spear.
You die...

##.....
#......
#......
.......
#.!.?.
##...g
#..gro##
#g@#
##g# #g#


gS# ... .... ..(. ...... You could see 6 gnolls, an adder, an orc and a quokka.

Vanquished Creatures
  Pikel (D:6)
  The ghost of vladvlad the Summoner, a novice DrSu of Vehumet (D:6)
  Grinder (D:3)
  A hippogriff (D:4)
  Edmund (D:5)
  A water moccasin (D:6)
  A sky beast (D:5)
  4 slaves (D:5)
  An ogre (D:5)
  2 centaurs (D:5)
  A scorpion (D:4)
  A howler monkey (D:4)
  5 crimson imps
  4 quasits (D:6)
  A jelly (D:5)
  3 orc wizards
  2 orc priests (D:6)
  2 hounds
  A centaur skeleton (D:4)
  Jessica (D:2)
  Terence (D:3)
  3 worker ants
  Natasha (thrice) (D:2)
  A worker ant zombie (D:6)
  Robin (D:2)
  4 gnolls (D:5)
  9 adders
  2 shadow imps
  An ooze (D:3)
  2 worms (D:2)
  2 dart slugs (D:1)
  2 leopard geckos
  14 orcs
  6 bats
  8 giant cockroaches
  10 goblins
  11 hobgoblins
  18 jackals
  3 kobolds
  2 quokkas
  2 ball pythons
  3 frilled lizards
  A leopard gecko skeleton (D:5)
  A quokka skeleton (D:4)
  9 rats
154 creatures vanquished.

Notes
Turn   | Place    | Note
-------+----------+-------------------------------------------
     0 | D:1      | Scud the Halfling Hunter began the quest for the Orb.
     0 | D:1      | Reached XP level 1. HP: 14/14 MP: 1/1
    38 | D:1      | Reached skill level 6 in Slings
   110 | D:1      | Reached XP level 2. HP: 19/19 MP: 2/2
   587 | D:1      | Reached skill level 7 in Slings
   587 | D:1      | Reached XP level 3. HP: 24/24 MP: 3/3
   948 | D:2      | Noticed Natasha
   957 | D:2      | Reached XP level 4. HP: 17/29 MP: 4/4
   964 | D:2      | Killed Natasha
   964 | D:2      | Reached skill level 8 in Slings
  1015 | D:2      | Noticed Natasha
  1020 | D:2      | Killed Natasha
  1020 | D:2      | Reached XP level 5. HP: 12/34 MP: 5/5
  1259 | D:2      | Noticed Natasha
  1294 | D:2      | Killed Natasha
  1294 | D:2      | Reached skill level 9 in Slings
  1369 | D:2      | Noticed Jessica
  1372 | D:2      | Killed Jessica
  1482 | D:2      | Noticed Robin
  1494 | D:2      | Killed Robin
  1556 | D:2      | Reached XP level 6. HP: 37/39 MP: 6/6
  1920 | D:3      | Reached skill level 10 in Slings
  2214 | D:3      | Found a radiant altar of Vehumet.
  2233 | D:3      | Found a burning altar of Makhleb.
  2427 | D:3      | Noticed Grinder
  2431 | D:3      | Found a sacrificial altar of Ru.
  2449 | D:3      | Killed Grinder
  2449 | D:3      | Reached skill level 11 in Slings
  2449 | D:3      | Reached XP level 7. HP: 40/44 MP: 7/7
  2510 | D:3      | Noticed Terence
  2533 | D:3      | Killed Terence
  3121 | D:4      | Found a white marble altar of Elyvilon.
  3254 | D:4      | Reached skill level 12 in Slings
  3535 | D:4      | Found a glowing drain.
  3577 | D:4      | Noticed a hippogriff
  3589 | D:4      | Killed a hippogriff
  3589 | D:4      | Reached skill level 13 in Slings
  3589 | D:4      | Reached XP level 8. HP: 33/49 MP: 8/8
  3982 | D:5      | Entered Level 5 of the Dungeon
  4465 | D:5      | Reached skill level 14 in Slings
  4675 | D:5      | Noticed Edmund
  4716 | D:5      | Killed Edmund
  4750 | D:5      | Got a crude leather armour
  4789 | D:5      | Identified the cursed +0 leather armour of Duty {rElec rN+
                  | MR+} (You found it on level 5 of the Dungeon)
  4808 | D:5      | Found a staircase to the Ecumenical Temple.
  4866 | Temple   | Entered the Ecumenical Temple
  4910 | Temple   | Became a worshipper of Dithmenos the Shadowed
  5279 | D:5      | Reached XP level 9. HP: 36/54 MP: 9/9
  5401 | D:5      | Found Joej's Book Boutique.
  5453 | D:5      | Found an iron altar of Okawaru.
  5455 | D:5      | Found a snail-covered altar of Cheibriados.
  5467 | D:5      | Found a blossoming altar of Fedhas.
  5521 | D:5      | Found a glowing golden altar of the Shining One.
  5608 | D:5      | Reached skill level 15 in Slings
  5799 | D:6      | Noticed Pikel
  6344 | D:6      | Killed Pikel
  6657 | D:6      | Found a transporter.
  6710 | D:6      | Found a transporter.
  6711 | D:6      | Noticed vladvlad's ghost (novice DrSu)
  6752 | D:6      | HP: 2/54 [water moccasin (4)]
  7196 | D:6      | Found a deep blue altar of Sif Muna.
  7324 | D:6      | Killed vladvlad's ghost
  7324 | D:6      | Reached skill level 16 in Slings
  7324 | D:6      | Reached skill level 5 in Dodging
  8271 | D:6      | Reached XP level 10. HP: 40/60 MP: 10/10
  9085 | D:7      | HP: 2/60 [gnoll (6)]
  9086 | D:7      | Slain by a gnoll

Skill      XL: |  1  2  3  4  5  6  7  8  9 |
---------------+----------------------------+-----
Slings         | 6 7 8 9 11 13 14 16 | 16.1
Stealth        | 3 |  3.8
Dodging        | 6 |  6.3
Fighting       | |  1.8
Short Blades   | |  0.1

Action                   |  1- 3 |  4- 6 |  7- 9 | 10-12 || total
-------------------------+-------+-------+-------+-------++-------
Melee: Short sword       |       |       |    22 |       ||    22
 Fire: Hunting sling     |    82 |   182 |   466 |    28 ||   758
Evoke: Wand              |       |       |     2 |       ||     2
  Use: Scroll            |       |     6 |     6 |       ||    12
       Potion            |       |     3 |    17 |     3 ||    23
 Stab: Paralysed         |       |       |     2 |       ||     2
  Eat: Chunk             |       |     4 |     5 |     1 ||    10
       Ration            |       |       |     4 |       ||     4
Armor: Leather armour    |    14 |     9 |    66 |     6 ||    95
Dodge: Dodged            |    43 |    27 |   339 |    22 ||   431
